 Dungeon Crawl Stone Soup version 0.31-a0-1338-gb567cfdca4 (webtiles) character file.

Game seed: 30296144922693239

5938 grandjackal the Fighter (level 10, -3/114 HPs)
             Began as an Oni Gladiator on Dec 21, 2023.
             Was a Priest of Okawaru.
             Slain by a freezing wraith (22 damage)
             ... on level 10 of the Dungeon.
             The game lasted 00:12:32 (10640 turns).

grandjackal the Fighter (Oni Gladiator)            Turns: 10640, Time: 00:12:32

Health: -3/114     AC:  8    Str: 24    XL:     10   Next: 83%
Magic:  14/15      EV: 10    Int:  9    God:    Okawaru [***...]
Gold:   1328       SH:  0    Dex: 10    Spells: 9/9 levels left

rFire   . . .        M - +6 flail
rCold   . . .        (no shield)
rNeg    . . .        N - +0 acid dragon scales
rPois   .            c - +0 hat
rElec   .            I - +0 cloak
rCorr   +            (gloves unavailable)
SInv    .            (boots unavailable)
Will    +....        (no amulet)
Stlth   +            (no ring)
HPRegen 0.39/turn    (no ring)
MPRegen 0.14/turn

%: no passive effects
@: about to teleport
A: drunken brawling, large, unfitting armour, horns 1, tough skin 1, double
potion healing
a: Renounce Religion, Heroism


You were on level 10 of the Dungeon.
You worshipped Okawaru.
Okawaru was most pleased with you.
You visited 2 branches of the dungeon, and saw 11 of its levels.
You also visited: Ossuary.

You collected 1532 gold pieces.
You spent 204 gold pieces at shops.

Inventory:

Hand Weapons
 t - a +4 flail of holy wrath
 M - a +6 flail (weapon)
Missiles
 d - 3 throwing nets
 o - 3 curare-tipped darts
 H - 5 large rocks (quivered)
Armour
 b - a +0 robe
 c - a +0 hat (worn)
 I - a +0 cloak (worn)
 N - +0 acid dragon scales (worn)
Jewellery
 J - a ring of ice
Wands
 w - a wand of flame (46)
 L - a wand of polymorph (4)
Scrolls
 a - a scroll of silence {unknown}
 h - 4 scrolls of teleportation
 i - 4 scrolls of blinking {unknown}
 k - a scroll of brand weapon {unknown}
 p - a scroll of fog {unknown}
 q - 3 scrolls of immolation
 r - 3 scrolls of amnesia {unknown}
 s - 3 scrolls of poison {unknown}
 u - a scroll of noise {unknown}
 v - a scroll of enchant weapon {unknown}
 x - a scroll of vulnerability {unknown}
 y - a scroll of summoning {unknown}
 C - a scroll of revelation
 D - 2 scrolls of enchant armour
 G - a scroll of fear
Potions
 e - 2 potions of curing
 g - 2 potions of berserk rage
 j - 4 potions of enlightenment
 l - 5 potions of might
 m - 2 potions of resistance
 n - a potion of lignification
 B - 2 potions of haste
 F - 2 potions of brilliance
 K - a potion of mutation


   Skills:
 + Level 11.4 Fighting
 + Level 9.0 Maces & Flails
 + Level 8.8 Throwing
 - Level 3.3 Dodging
 + Level 6.9 Invocations


You had 9 spell levels left.
You didn't know any spells.
Your spell library contained the following spells:

 Spells                   Type           Power      Damage    Failure   Level
 Vhi's Electric Charge    Tloc/Air       0%         N/A       99%         4
 Arcjolt                  Conj/Air       0%         1d10      100%        5
 Maxwell's Capacitive Co  Air            0%         ∞         100%        8
 Animate Dead             Necr           Unusable   N/A       N/A         4
 Haunt                    Necr/Summ      Unusable   N/A       N/A         7
 Infestation              Necr           Unusable   N/A       N/A         8

Dungeon Overview and Level Annotations

Branches:
Dungeon (10/15)            Temple (1/1) D:7         Ossuary (visited)
   Lair: D:8-11         Orc: D:9-12

Altars:
Ashenzari
Cheibriados
Dithmenos
Elyvilon
Fedhas
Gozag
Hepliaklqana
Kikubaaqudgha
Makhleb
Nemelex Xobeh
Okawaru
Qazlal
Ru
Sif Muna
Trog
Uskayaw
Vehumet
Wu Jian
Xom
Yredelemnul
Zin
The Shining One

Shops:
D:2 [   D:9 (??*

Annotations:
D:10 2 transporters


Innate Abilities, Weirdness & Mutations

Whenever you drink a potion that restores your health or magic, you attack all enemies around you.
You are too large for most types of armour.
You have a pair of small horns on your head.
You have tough skin. (AC +1)
Whenever you drink a potion that restores your health or magic, it restores twice as much.


Message History

You start resting.
Magic restored.
You start resting.
You feel like a meek peon again.
You start resting.
A cyclops comes into view.
The cyclops shouts!
You hear two shouts!
Things that are here:
a +0 giant club; a +0 giant club You hit the cyclops but do no damage.
Your headbutt misses the cyclops. You sock the cyclops!
You headbutt the cyclops.
You punch the cyclops, but do no damage.
The cyclops is heavily wounded.
The cyclops hits you!!
You thump the cyclops! You headbutt the cyclops.
The cyclops is severely wounded.
The cyclops barely misses you.
You sock the cyclops! You headbutt the cyclops.
The cyclops is almost dead.
You hit the cyclops but do no damage.
The cyclops is almost dead.
The cyclops hits you!!
You barely miss the cyclops. You headbutt the cyclops.
The cyclops is almost dead.
A freezing wraith comes into view.
The cyclops hits you!!
* * * LOW HITPOINT WARNING * * *
You sock the cyclops!
You kill the cyclops!
Okawaru is honoured by your kill.
Your Maces & Flails skill increases to level 9!
As you read the scroll of teleportation, it crumbles to dust.
You feel strangely unstable.
Things that are here:
a +0 hand axe; a +0 plate armour; an orc corpse The freezing wraith attacks as it pursues you!
The freezing wraith hits you.
* * * LOW HITPOINT WARNING * * *
The freezing wraith freezes you!!
You die...

... #..# #........ #.# #..#
#........ ♣♣.♣♣#..# #........
♣#♣...♣#..# #####.### ......#..#
#.# ♣(..♣#..# #.# ♣)♣
#..#######.## ############ #W#
#..#........# )...♣.♣....♣♣
♣♣@♣♣#..#........#
≈≈≈≈~≈~≈≈≈≈.♣♣♣...♣#..#........#
≈≈≈~≈~≈~≈≈≈≈.......#..#........##
≈≈≈≈~≈~≈≈≈≈.♣♣♣...♣#............#
....♣.♣....♣♣ ♣♣.♣♣#..#.#.......#
####...#############.##.#...(...#
...)....).....)......#.>........#
.########################......[#
...# #....#........


You could see a freezing wraith.

Vanquished Creatures
  A two-headed ogre (D:10)
  2 cyclopes
  A kobold demonologist (D:10)
  A shadow (D:10)
  3 yaks (D:10)
  A wraith (D:10)
  A steam dragon (D:7)
  Edmund (D:4)
  2 acid dragons
  2 water moccasins
  2 orc warriors
  5 centaurs
  An ogre (D:7)
  4 kobold brigands
  3 bullfrogs
  2 scorpions
  2 water moccasin zombies (Ossuary)
  5 wights (D:9)
  5 killer bees (D:10)
  An electric eel (D:10)
  3 howler monkeys
  4 hounds
  3 jellies (D:5)
  3 orc priests
  Crazy Yiuf (D:7)
  2 gnoll boudas (D:9)
  A spectral scorpion (Ossuary)
  An iguana (D:5)
  4 orc wizards
  A bullfrog simulacrum (Ossuary)
  A crocodile zombie (Ossuary)
  2 mummies (Ossuary)
  15 gnolls
  4 adders
  A shadow imp (D:4)
  An adder zombie (Ossuary)
  2 worms
  14 orcs
  7 bats
  6 endoplasms
  4 giant cockroaches
  4 gnoll zombies (Ossuary)
  9 goblins
  10 hobgoblins
  5 jackals
  8 quokkas
  12 ball pythons
  2 frilled lizards
  6 hobgoblin zombies (Ossuary)
  30 kobolds
  2 kobold zombies (Ossuary)
  4 orc zombies (Ossuary)
  5 rats
222 creatures vanquished.

Notes
Turn   | Place    | Note
-------+----------+-------------------------------------------
     0 | D:1      | grandjackal the Oni Gladiator began the quest for the Orb.
     0 | D:1      | Reached XP level 1. HP: 22/22 MP: 1/1
   251 | D:1      | Reached XP level 2. HP: 28/29 MP: 2/2
   266 | D:1      | Reached skill level 3 in Fighting
   672 | D:1      | Reached XP level 3. HP: 33/37 MP: 3/3
  1071 | D:2      | Found Iceef's Armour Shoppe.
  1522 | D:2      | Reached XP level 4. HP: 31/46 MP: 4/4
  1866 | D:2      | Found a faded altar of an unknown god.
  2001 | D:3      | Reached skill level 4 in Fighting
  2038 | D:3      | Reached XP level 5. HP: 49/54 MP: 5/5
  2549 | D:4      | Noticed Edmund
  2556 | D:4      | Killed Edmund
  2557 | D:4      | Reached XP level 6. HP: 57/65 MP: 6/6
  2567 | D:4      | Reached skill level 5 in Fighting
  3080 | D:5      | Entered Level 5 of the Dungeon
  3327 | D:5      | Reached XP level 7. HP: 52/74 MP: 7/7
  3564 | D:5      | Reached skill level 6 in Fighting
  3564 | D:5      | Reached skill level 5 in Maces & Flails
  4139 | D:6      | HP: 3/75 [orc/+0 trident (9)]
  4439 | D:6      | Reached skill level 5 in Throwing
  4476 | D:6      | Reached skill level 7 in Fighting
  4476 | D:6      | Reached XP level 8. HP: 61/87 MP: 8/8
  4548 | D:6      | Found a sand-covered staircase.
  4553 | Ossuary  | Entered an ossuary
  5253 | D:7      | Reached skill level 8 in Fighting
  5714 | D:7      | Found a staircase to the Ecumenical Temple.
  5740 | Temple   | Entered the Ecumenical Temple
  5860 | Temple   | Became a worshipper of Warmaster Okawaru
  5892 | D:7      | Reached skill level 1 in Invocations
  5892 | D:7      | Reached XP level 9. HP: 53/97 MP: 9/9
  6178 | D:7      | Found a sacrificial altar of Ru.
  6250 | D:7      | Found a runed translucent door.
  6251 | D:7      | Noticed Crazy Yiuf
  6497 | D:7      | Killed Crazy Yiuf
  6528 | D:7      | Identified the +6 hammer "Ezuloawou" {spect, Will+ rCorr
                  | Str+4}
  6642 | D:8      | Reached skill level 9 in Fighting
  6695 | D:8      | Reached * piety under Okawaru
  6973 | D:8      | Noticed a cyclops
  6983 | D:8      | Killed a cyclops
  7978 | D:9      | Found a hazy altar of Hepliaklqana.
  8031 | D:9      | Found Pameq's Magic Scroll Shoppe.
  8039 | D:9      | Bought a scroll of teleportation for 45 gold pieces
  8039 | D:9      | Bought a scroll of immolation for 60 gold pieces
  8260 | D:9      | Found Imexin's Weapon Shoppe.
  8326 | D:9      | Found Pikleun's Magic Scroll Boutique.
  8362 | D:9      | Found Qor Lir's General Store.
  8560 | D:9      | Bought a potion of might for 44 gold pieces
  8560 | D:9      | Bought a potion of enlightenment for 55 gold pieces
  8599 | D:9      | Reached skill level 10 in Fighting
  8700 | D:9      | HP: 3/89 [wight/+6 flail (9)]
  9175 | D:9      | Reached XP level 10. HP: 75/103 MP: 13/13
  9217 | D:9      | Reached skill level 5 in Invocations
  9268 | D:9      | Reached ** piety under Okawaru
  9611 | D:9      | Identified a scroll of acquirement
  9623 | D:9      | Acquired 1090 gold pieces
  9640 | D:10     | Entered Level 10 of the Dungeon
  9640 | D:10     | Found a transporter.
  9640 | D:10     | Found a transporter.
  9864 | D:10     | Noticed a kobold demonologist
 10343 | D:10     | Killed a kobold demonologist
 10344 | D:10     | Reached skill level 11 in Fighting
 10541 | D:10     | Noticed a two-headed ogre
 10552 | D:10     | Killed a two-headed ogre
 10552 | D:10     | Reached *** piety under Okawaru
 10629 | D:10     | Noticed a cyclops
 10637 | D:10     | Killed a cyclops
 10640 | D:10     | Slain by a freezing wraith

Illustrated notes

Levels and vault maps discovered:
D:1:      minmay_arrival_stair_chambers, layout_basic
D:2:      layout_basic, hellmonk_ecumenical_altar_leap_of_faith, serial_shops,
          shop
D:3:      layout_loops_ring
D:4:      layout_cave_pools, uniq_edmund
D:5:      layout_gridville
D:6:      layout_gridville, enter_ossuary_2
D:7:      layout_basic, mainiacjoe_overflow_tiny_flanked,
          minmay_temple_entry_mini_moons, uniq_crazy_yiuf_cottage
D:8:      layout_loops_ring
D:9:      layout_irregular_city, nicolae_overflow_crystal_walls, serial_shops,
          nicolae_shop_bloodbath_and_beyond, kennysheep_mini_moat, shop, shop,
          minmay_misc_feat_hallway
D:10:     nzn_winding_woodlands_medium [nzn_winding_woodlands_5x5_default,
          nzn_winding_woodlands_5x15_river_crossing,
          nzn_winding_woodlands_5x5_default,
          nzn_winding_woodlands_5x5_open_star,
          nzn_winding_woodlands_center_triple_pond,
          nzn_winding_woodlands_5x5_default,
          nzn_winding_woodlands_5x5_perimeter,
          nzn_winding_woodlands_5x15_longhouse,
          nzn_winding_woodlands_5x5_cross], layout_basic, nicolae_diode_stairs
Temple:   mainiacjoe_temple_cubbyholes

Skill      XL: |  1  2  3  4  5  6  7  8  9 10 |
---------------+-------------------------------+-----
Fighting       | 3 4 5 7 8 10 11 | 11.4
Dodging        | 3 |  3.3
Throwing       | 3 4 5 6 7 8 |  8.8
Maces & Flails | 4 5 6 8 9 |  9.0
Invocations    | 1 4 6 |  6.9

Action                     |  1- 3 |  4- 6 |  7- 9 | 10-12 || total
---------------------------+-------+-------+-------+-------++-------
  Melee: Flail             |   103 |   142 |   271 |   101 ||   617
         Headbutt          |    10 |    23 |    47 |    28 ||   108
         Punch             |       |     1 |     5 |     4 ||    10
  Throw: Dart              |       |     2 |     1 |       ||     3
         Large rock        |       |       |     2 |     2 ||     4
         Throwing net      |       |       |     1 |       ||     1
 Invoke: Heroism           |       |       |     1 |     2 ||     3
  Evoke: Wand              |       |     5 |    46 |       ||    51
    Use: Potion            |     1 |       |     3 |       ||     4
         Scroll            |       |       |       |    14 ||    14
   Stab: Sleeping          |     1 |     1 |       |       ||     2
 Armour: Robe              |    73 |    82 |   250 |       ||   405
         Acid dragon scale |       |       |       |    92 ||    92
  Dodge: Dodged            |    55 |    71 |   142 |    61 ||   329

Table legend: (Time is in decaauts)
 A = Elapsed time spent in this place.
 B = Non-inter-level travel time spent in this place.
 C = Inter-level travel time spent in this place.
 D = Time resting spent in this place.
 E = Time spent auto-exploring this place.
 F = Levels seen in this place.
 G = Mean time per level.
                   A        B        C        D        E       F      G
               +--------+--------+--------+--------+--------+-----+--------+
         Total |  10712 |  10389 |    323 |   3512 |   4961 |  12 |  892.7 |
       Dungeon |  10182 |   9859 |    323 |   3346 |   4812 |  10 | 1018.2 |
        Temple |    264 |    264 |      0 |    166 |      0 |   1 |  264.0 |
       Ossuary |    265 |    265 |      0 |      0 |    149 |   1 |  265.0 |
               +--------+--------+--------+--------+--------+-----+--------+

Top non-repeatable levels by time:
     D:9: 1704 daAuts
     D:8: 1372 daAuts
     D:1: 1133 daAuts
     D:5: 1054 daAuts
     D:6: 1015 daAuts
    D:10: 981 daAuts
     D:7: 922 daAuts
     D:2: 813 daAuts
     D:3: 645 daAuts
     D:4: 539 daAuts
 Ossuary: 265 daAuts
  Temple: 264 daAuts
